 Dungeon Crawl Stone Soup version 0.27.1-33-g824d729ab1 (webtiles) character file.

Game seed: 2673099860029690389

49 kringelbulle the Covered (level 3, -11/31 HPs)
             Began as a Gnoll Wanderer on Dec 16, 2021.
             Mangled by an ogre (22 damage)
             ... on level 2 of the Dungeon.
             The game lasted 00:10:23 (1392 turns).

kringelbulle the Covered (Gnoll Wanderer)           Turns: 1392, Time: 00:10:24

Health: -11/31     AC:  6    Str: 11    XL:     3   Next: 77%
Magic:  4/4        EV: 10    Int: 12    God:
Gold:   48         SH:  0    Dex: 11    Spells: 3/3 levels left

rFire    . . .     SeeInvis .   s - +2 whip (drain)
rCold    . . .     Faith    .   (no shield)
rNeg     . . .     Spirit   .   c - +0 ring mail
rPois    .         Reflect  .   (no helmet)
rElec    .         Harm     .   (no cloak)
rCorr    .         Rampage  .   (no gloves)
Will     .....                  (no boots)
Stlth    +.........             (no amulet)
HPRegen  0.10/turn              (no ring)
MPRegen  0.09/turn              (no ring)

@: no status effects
A: fangs 1, strong nose, distributed training
a: no special abilities


You were on level 2 of the Dungeon.
You visited 1 branch of the dungeon, and saw 2 of its levels.

You collected 48 gold pieces.

Inventory:

Hand Weapons
 a - a +2 hand crossbow
 m - a +0 short sword
 p - a +0 hunting sling
 q - a +2 dagger of speed
 s - a +2 whip of draining (weapon)
Missiles
 b - 6 bolts
 f - 16 poisoned darts (quivered)
 i - 83 stones
 n - 19 sling bullets
Armour
 c - a +0 ring mail (worn)
 k - a +0 robe
 o - a +0 leather armour
 r - a +0 ring mail
Scrolls
 d - a scroll of teleportation
 g - a scroll of holy word {unknown}
 h - a scroll of enchant weapon {unknown}
 t - a scroll of summoning {unknown}
Potions
 e - 3 potions of curing {unknown}
 j - a potion of brilliance {unknown}
 l - 2 potions of mutation {unknown}


   Skills:
 + Level 4.5 Fighting
 + Level 0.9 Short Blades
 + Level 0.9 Long Blades
 + Level 0.9 Axes
 + Level 0.9 Maces & Flails
 + Level 2.6 Polearms
 + Level 0.9 Staves
 + Level 0.9 Slings
 + Level 0.9 Bows
 + Level 4.5 Crossbows
 + Level 0.9 Throwing
 + Level 4.5 Armour
 + Level 2.6 Dodging
 + Level 0.9 Stealth
 + Level 2.6 Shields
 + Level 0.9 Unarmed Combat
 + Level 0.9 Spellcasting
 + Level 0.6 Conjurations
 + Level 0.6 Hexes
 + Level 0.6 Summonings
 + Level 0.6 Necromancy
 + Level 0.6 Translocations
 + Level 0.6 Transmutations
 + Level 0.6 Fire Magic
 + Level 0.6 Ice Magic
 + Level 0.6 Air Magic
 + Level 0.6 Earth Magic
 + Level 0.6 Poison Magic
 + Level 1.0 Invocations
 + Level 2.6 Evocations


You had 3 spell levels left.
You didn't know any spells.
Your spell library contained the following spells:

 Spells                   Type           Power      Damage    Failure   Level
 Pain                     Necr           8%         1d4       45%         1
 Agony                    Necr           2%         N/A       100%        5
 Excruciating Wounds      Necr           1%         N/A       100%        5


Dungeon Overview and Level Annotations

Branches:
Dungeon (2/15)

Altars:

Shops:
D:2 ?


Innate Abilities, Weirdness & Mutations

You have very sharp teeth.
Your uncanny sense of smell can sniff out nearby items.
Your experience applies equally to all skills.


Message History

You barely miss the worm. You hit the worm. You drain the worm.
You bite the worm, but do no damage.
The worm is moderately wounded.
The worm barely misses you.
You hit the worm. You drain the worm.
The worm is heavily wounded.
The worm closely misses you.
You hit the worm.
The worm is severely wounded.
You hit the worm but do no damage. You drain the worm.
The worm is almost dead.
The worm bites you but does no damage.
You hit the worm.
You kill the worm!
You hit the kobold.
You kill the kobold!
i - 83 stones (gained 4)
You see here a +0 club.
You start resting.
An ogre is nearby!
The ogre shouts!
You see here a +0 club.
Things that are here:
a +0 club; a kobold corpse You barely miss the ogre.
The ogre hits you with a +0 giant spiked club!
Ouch! That really hurt!
You hit the ogre.
The ogre is lightly wounded.
The ogre closely misses you.
You barely miss the ogre.
The ogre is lightly wounded.
You hit the ogre. You drain the ogre.
The ogre is lightly wounded.
The ogre barely misses you.
You hit the ogre. You drain the ogre.
The ogre is heavily wounded.
The ogre hits you with a +0 giant spiked club!!
Ouch! That really hurt!
You die...

### .....#####
.........########
......##.)..)...#
.O... ########.#
.... #.# ..? #.#
.. ∆ #O# + ∆ #@#
#.# #.# #.#.#
#.#.# #.#.# #.#.#
#.#.# #.#.#


You could see an ogre (drained).

Vanquished Creatures
  2 worms (D:2)
  A dart slug (D:2)
  4 ball pythons
  A bat (D:1)
  3 endoplasms
  3 goblins
  3 hobgoblins (D:1)
  2 jackals (D:1)
  A quokka (D:1)
  11 frilled lizards (D:1)
  7 kobolds
  4 rats
42 creatures vanquished.

Vanquished Creatures (others)
  6 plants (D:1)
6 creatures vanquished.

Grand Total: 48 creatures vanquished

Notes
Turn   | Place    | Note
-------+----------+-------------------------------------------
     0 | D:1      | kringelbulle the Gnoll Wanderer began the quest for the
                  | Orb.
     0 | D:1      | kringelbulle set off with the following items: a +2 hand
                  | crossbow, 22 bolts, a +0 ring mail, a scroll of
                  | teleportation
     0 | D:1      | Reached XP level 1. HP: 20/20 MP: 1/1
   261 | D:1      | Reached XP level 2. HP: 24/26 MP: 2/2
   741 | D:1      | Reached XP level 3. HP: 31/31 MP: 3/3
  1146 | D:2      | Found Ydaewnai's Magic Scroll Boutique.
  1157 | D:2      | Reached skill level 1 in Invocations
  1342 | D:2      | Noticed an ogre
  1392 | D:2      | Mangled by an ogre

Illustrated notes

Levels and vault maps discovered:
D:1:      dpeg_arrival_rooms_with_view, layout_loops_ring, minmay_lizard_king
D:2:      layout_basic, serial_shops, shop, nicolae_diamond_shop,
          nicolae_shop_stone

Skill      XL: |  1  2  3 |
---------------+----------+-----
Invocations    | 1 |  1.0
Fighting       | |  4.5
Short Blades   | |  0.9
Long Blades    | |  0.9
Axes           | |  0.9
Maces & Flails | |  0.9
Polearms       | |  2.6
Staves         | |  0.9
Slings         | |  0.9
Bows           | |  0.9
Crossbows      | |  4.5
Throwing       | |  0.9
Armour         | |  4.5
Dodging        | |  2.6
Stealth        | |  0.9
Shields        | |  2.6
Unarmed Combat | |  0.9
Spellcasting   | |  0.9
Conjurations   | |  0.6
Hexes          | |  0.6
Summonings     | |  0.6
Necromancy     | |  0.6
Translocations | |  0.6
Transmutations | |  0.6
Fire Magic     | |  0.6
Ice Magic      | |  0.6
Air Magic      | |  0.6
Earth Magic    | |  0.6
Poison Magic   | |  0.6
Evocations     | |  2.6

Action                   || total
-------------------------++-------
Melee: Whip              ||    20
       Bite              ||     2
 Fire: Hand crossbow     ||    76
Armor: Ring mail         ||    16
Dodge: Dodged            ||    29
